Map: [ESL] Royal Blood

Players

Spazymazy

  • Race: Zerg Zerg
  • Spawn Location: 7:00

SKillous - Winner!

  • Race: Protoss Protoss
  • Spawn Location: 1:00

Event: ESL SC2 Masters 2023 Summer (Finals)

VOD

Have the link to the VOD?

Description

Time

  • Played on: June 16, 2023, 9:46 a.m.
  • Length: 5:14

All games in this series

Show
View Real Time Build Order
Export as new Build Order

Spazymazy Zerg 

Build Orders: Hatch First 

Get SALT Encoding   

  12  0:00  Drone  
  13  0:12  Overlord  
  13  0:16  Drone  
  14  0:30  Drone x2  
  16  0:47  Drone  
  17  0:55  Hatchery, Drone  
  17  0:57  Drone  
  18  1:10  Extractor  
  17  1:12  Spawning Pool  
  17  1:15  Drone  
  17  1:21  Drone  
  18  1:28  Drone  
  19  1:38  Overlord  
  19  1:49  Drone  
  20  1:59  Queen  
  20  2:00  Zergling x2  
  23  2:07  Queen, Zergling x2  
  26  2:12  Drone  
  26  2:15  Metabolic Boost  
  27  2:24  Drone  
  27  2:25  Drone  
  29  2:35  Hatchery  
  28  2:42  Queen  
  30  2:46  Overlord  
  30  2:53  Overlord  
  30  3:00  Drone x2  
  31  3:09  Drone x3  
  31  3:11  Drone  
  35  3:15  Drone x3  
  38  3:25  Drone  
  38  3:26  Spore Crawler  
  37  3:29  Spore Crawler  
  37  3:34  Drone x3  
  38  3:39  Queen  
  41  3:43  Overlord  
  41  3:47  Drone  
  42  3:50  Drone  
  42  3:52  Drone  
  44  3:56  Drone, Spore Crawler  
  44  3:58  Drone  
  44  3:59  Drone  
  44  4:00  Drone  
  44  4:01  Drone  
  48  4:10  Zergling x8  
  48  4:11  Zergling x2  
  52  4:21  Drone x3  
  55  4:28  Roach Warren  
  55  4:30  Zergling x6  
  57  4:32  Overlord x2  
  57  4:42  Overlord  
  57  4:43  Overlord  
  55  4:47  Zergling x8  
  55  4:52  Zergling x6  
  47  5:07  Evolution Chamber  
Show
View Real Time Build Order
Export as new Build Order

SKillous Protoss - Winner!

Build Orders: 1 Gate Expand, Mass Adepts 

Get SALT Encoding   

  12  0:00  Probe  
  13  0:12  Probe  
  14  0:17  Pylon  
  14  0:24  Probe (Chrono Boost)  
  15  0:36  Probe (Chrono Boost)  
  15  0:41  Gateway  
  16  0:45  Probe (Chrono Boost)  
  16  0:49  Assimilator  
  17  0:50  Probe  
  18  1:03  Probe  
  19  1:15  Probe  
  20  1:25  Nexus  
  20  1:37  Cybernetics Core  
  20  1:38  Probe  
  21  1:43  Assimilator  
  21  1:50  Probe  
  21  1:53  Pylon  
  22  2:02  Probe  
  23  2:10  Adept (Chrono Boost)  
  23  2:13  Warp Gate  
  26  2:15  Probe (Chrono Boost)  
  26  2:24  Probe (Chrono Boost), Twilight Council  
  27  2:31  Probe (Chrono Boost)  
  27  2:32  Stalker  
  30  2:38  Probe (Chrono Boost)  
  32  2:47  Probe x2 (Chrono Boost)  
  33  2:54  Probe  
  33  2:56  Robotics Facility  
  34  3:01  Probe, Gateway  
  35  3:06  Probe  
  36  3:13  Probe  
  36  3:15  Resonating Glaives (Chrono Boost)  
  37  3:24  Probe  
  38  3:27  Adept  
  38  3:29  Probe  
  38  3:31  Gateway  
  41  3:35  Gateway  
  41  3:40  Warp Prism (Chrono Boost)  
  41  3:45  Probe  
  41  3:46  Probe, Pylon  
  45  3:52  Pylon  
  45  3:58  Probe  
  46  4:04  Probe  
  46  4:05  Adept x2  
  51  4:12  Observer  
  52  4:17  Pylon  
  52  4:27  Adept x3  
  52  4:29  Adept  
  60  4:34  Nexus  
  60  4:35  Pylon  
  60  4:41  Shield Battery  
  60  4:50  Adept x2  
  60  4:51  Adept x2  
  68  4:58  Probe (Chrono Boost)  
  68  5:02  Assimilator  
  68  5:03  Pylon  
  68  5:04  Probe (Chrono Boost)  
  69  5:11  Adept x3  
Tags
 
Add a new tag
Caveats
  • Supply blocks, unpowered buildings, or Contaminate may cause inaccurate times.
  • Supply counts are checked every 10 seconds.